 Seeded DCSS version 0.29.1-2-gbd0b4ee654 (webtiles) character file.

Game seed: 1 (custom seed)

65924 Kazon the Carver (level 14, -15/172 HPs)
             Began as a Demonspawn Berserker on Nov 14, 2022.
             Was a High Priest of Trog.
             Demolished by a caustic shrike simulacrum (19 damage)
             ... in an ice cave on Nov 16, 2022.
             The game lasted 01:37:03 (15545 turns).

Kazon the Carver (Demonspawn Berserker)            Turns: 15545, Time: 01:37:04

Health: -15/172    AC: 13    Str: 20    XL:     14   Next: 77%
Magic:  14/14      EV: 16    Int:  9    God:    Trog [*****.]
Gold:   577        SH:  7    Dex: 17    Spells: 13/13 levels left

rFire   + + +      SeeInvis .   f - +6 Maxwell's thermic engine {flame, freeze}
rCold   + + +      Faith    .   c - +2 buckler
rNeg    . . .      Spirit   .   Q - +0 troll leather armour
rPois   +          Reflect  .   j - +0 helmet
rElec   .          Harm     .   R - scarf {rC+ rF+}
rCorr   .          Rampage  .   A - +0 pair of gloves of Erepn {Regen+ Dex+2 Stlth+}
Will    +....                   k - +2 pair of boots
Stlth   ..........              r - amulet "Odemouw" {Contam rPois rF+++ Regen+ Stlth+}
HPRegen 2.78/turn               S - ring of protection from cold
MPRegen 0.14/turn               X - ring of protection from cold

@: berserking, very quick
A: claws 2, yellow scales 2, powered by death 2, spiny 2
a: Renounce Religion, Berserk, Trog's Hand, Brothers in Arms


You were in an ice cave.
You worshipped Trog.
Trog was extremely pleased with you.
You visited 2 branches of the dungeon, and saw 19 of its levels.
You also visited: Ice Cave.

You collected 1537 gold pieces.
You spent 960 gold pieces at shops.

Inventory:

Hand Weapons
 e - a +2 dagger of venom
 f - the +6 Maxwell's thermic engine (weapon) {flame, freeze}
   (You found it on level 1 of the Lair of Beasts)

   It burns those it strikes, dealing additional fire damage.
   Big, fiery blades are also staple armaments of hydra-hunters.
   It freezes those it strikes, dealing additional cold damage.
   It can also slow down cold-blooded creatures.
   It becomes more effective when it hits something.
   This effect fades over time.
 s - the +3 falchion of Winter {venom, rCorr}
   (You bought it in a shop on level 3 of the Dungeon)

   It poisons the flesh of those it strikes.
   rCorr:     It protects you from acid and corrosion.
 N - a +6 double sword of flaming
Missiles
 h - 11 stones
 m - 26 boomerangs (quivered)
 t - a throwing net
 B - 6 curare-tipped darts
 I - 44 poisoned darts
 U - 5 datura-tipped darts
Armour
 c - a +2 buckler (worn)
 j - a +0 helmet (worn)
 k - a +2 pair of boots (worn)
 A - the +0 pair of gloves of Erepn (worn) {Regen+ Dex+2 Stlth+}
   (You acquired it on level 1 of the Dungeon)

   Dex:       It affects your dexterity (+2).
   Regen:     It increases your rate of health regeneration.
   Stlth:     It makes you more stealthy.
 Q - a +0 troll leather armour (worn)
 R - a scarf of resistance (worn)
Jewellery
 r - the amulet "Odemouw" (around neck) {Contam rPois rF+++ Regen+ Stlth+}
   (You bought it in a shop on level 8 of the Dungeon)

   [amulet of regeneration]

   rF:        It renders you almost immune to fire.
   rPois:     It protects you from poison.
   Contam:    It causes magical contamination when unequipped.
   Regen:     It increases your rate of health regeneration.
   Stlth:     It makes you more stealthy.
 S - a ring of protection from cold (left hand)
 X - a ring of protection from cold (right hand)
Wands
 g - a wand of roots (11)
 z - a wand of mindburst (31)
 C - a wand of flame (21)
 L - a wand of paralysis (25)
 P - a wand of polymorph (11)
Scrolls
 d - 2 scrolls of brand weapon {unknown}
 n - 2 scrolls of immolation {unknown}
 q - 4 scrolls of fog {unknown}
 u - 5 scrolls of teleportation
 w - a scroll of magic mapping {unknown}
 x - 2 scrolls of noise {unknown}
 F - a scroll of silence {unknown}
 G - 4 scrolls of enchant weapon {unknown}
 J - 3 scrolls of fear {unknown}
 M - 2 scrolls of summoning
Potions
 a - 2 potions of ambrosia
 l - 4 potions of berserk rage
 o - 4 potions of haste
 v - 9 potions of lignification
 D - 3 potions of flight
 E - 3 potions of cancellation
 H - 2 potions of might
 K - 6 potions of curing
 V - a potion of heal wounds
 W - a potion of invisibility
Miscellaneous
 O - a condenser vane
 T - a phial of floods
 Z - a lightning rod (4/4)


   Skills:
 + Level 12.0 Fighting
 + Level 5.7(9.9) Short Blades
 + Level 12.4(12.9) Long Blades
 + Level 6.7 Throwing
 + Level 5.4 Armour
 + Level 8.4 Dodging
 + Level 9.3 Stealth
 + Level 4.6 Shields
 * Level 10.4 Evocations


You had 13 spell levels left.
You didn't know any spells.
Your spell library was empty.

Dungeon Overview and Level Annotations

Branches:
Dungeon (14/15)            Temple (0/1) D:7            Lair (5/5) D:10
 Shoals (0/4) Lair:3       Spider (0/4) Lair:3        Slime (0/5) Lair:4
    Orc (0/2) D:12         Vaults (0/5) D:13          IceCv (1/1)

Altars:
Hepliaklqana
Kikubaaqudgha
Uskayaw
Jiyva

Shops:
D:3 (   D:8 ?(==   D:10 :   D:13 !


Innate Abilities, Weirdness & Mutations

You have very sharp fingernails.
You are mostly covered in yellow scales. (AC +3)
You regenerate health from kills.
You are mostly covered in sharp spines.


Message History

You hit the golden dragon simulacrum but do no damage.
The golden dragon simulacrum is moderately damaged.
The caustic shrike simulacrum claws you but does no damage.
The caustic shrike simulacrum is struck by your spines.
The caustic shrike simulacrum claws you!
The caustic shrike simulacrum freezes you!
You resist.
A red film seems to cover your vision as you go berserk!
You feel yourself moving faster!
You feel mighty!
The caustic shrike simulacrum claws you!
* * * LOW HITPOINT WARNING * * *
The caustic shrike simulacrum freezes you!
You resist.
* * * LOW HITPOINT WARNING * * *
The golden dragon simulacrum is struck by your spines.
The golden dragon simulacrum bites you!
* * * LOW HITPOINT WARNING * * *
The golden dragon simulacrum freezes you.
You resist.
* * * LOW HITPOINT WARNING * * *
The golden dragon simulacrum claws you but does no damage.
The golden dragon simulacrum tramples you!
* * * LOW HITPOINT WARNING * * *
You hold your ground!
The caustic shrike simulacrum closely misses you.
You hit the golden dragon simulacrum but do no damage.
The golden dragon simulacrum is heavily damaged.
The golden dragon simulacrum misses you.
The golden dragon simulacrum claws you.
* * * LOW HITPOINT WARNING * * *
The golden dragon simulacrum freezes you.
You resist.
* * * LOW HITPOINT WARNING * * *
The golden dragon simulacrum closely misses you.
The caustic shrike simulacrum completely misses you.
You barely miss the golden dragon simulacrum.
The golden dragon simulacrum is heavily damaged.
The caustic shrike simulacrum is struck by your spines.
The caustic shrike simulacrum claws you!!
You die...

... ##.##
##...##
##.....##
#...∩...#
#.......#
#......Z#
#...∩.ZZ#
#......@#
#########


You could see a seven-headed hydra simulacrum, a golden dragon simulacrum and a
caustic shrike simulacrum.

Vanquished Creatures
  Rupert (D:12)
  Nessos (D:12)
  Azrael (D:13)
  A fire dragon (D:13)
  2 hydras (D:13)
  Erolcha (D:10)
  3 catoblepae
  A vault guard (D:13)
  3 centaur warriors (D:13)
  3 two-headed ogres
  8 death yaks
  A fire crab (D:13)
  4 skeletal warriors (D:13)
  Lodul (D:12)
  3 spriggan simulacra (D:14)
  A cyclops (D:12)
  A deep elf pyromancer (D:13)
  2 ugly things
  4 manticores
  5 elephants (Lair:4)
  5 black mambas
  9 cane toads
  Maggie (D:6)
  4 rime drakes
  2 unseen horrors
  4 kobold demonologists (D:11)
  15 komodo dragons
  A tengu conjurer (D:12)
  4 trolls
  Prince Ribbit (D:8)
  A meliai (shapeshifter) (D:13)
  A polar bear (Lair:4)
  5 dream sheep (Lair:4)
  17 blink frogs
  A snapping turtle (Lair:3)
  2 shadows
  2 vampires
  2 wraiths (D:12)
  60 yaks
  2 fire elementals (D:13)
  5 wyverns
  4 basilisks
  Eustachio (D:5)
  4 vampire mosquitoes (D:13)
  2 steam dragons
  3 minotaur simulacra (D:14)
  Menkaure (D:5)
  Edmund (D:6)
  2 acid dragons
  A harpy simulacrum (IceCv)
  16 water moccasins
  2 hell hounds (D:13)
  5 orc warriors
  An ice beast (D:8)
  5 sky beasts
  2 black bears (D:6)
  5 centaurs
  7 ogres
  A wolf (D:10)
  2 phantoms (D:6)
  3 kobold brigands
  3 necrophages
  6 bullfrogs
  2 deep troll simulacra (D:14)
  A gnoll sergeant (D:7)
  10 scorpions
  21 wights
  3 killer bees (D:10)
  3 electric eels
  A howler monkey (D:5)
  2 jellies (D:6)
  6 hounds
  7 orc priests
  A gnoll bouda (D:7)
  6 iguanas
  4 orc wizards
  4 hell rats
  Robin (D:3)
  15 gnolls
  13 adders
  3 shadow imps
  2 white imps (D:7)
  An ufetubus (D:5)
  4 worms
  37 orcs
  11 endoplasms
  3 giant cockroaches
  16 goblins
  9 hobgoblins
  A jackal (D:4)
  27 kobolds
  A quokka (D:1)
  5 ball pythons
  4 bats
  3 frilled lizards
  6 rats
501 creatures vanquished.

Vanquished Creatures (collateral kills)
  Fannar (Lair:2)
  A catoblepas (Lair:5)
  2 death yaks (Lair:5)
  A cane toad (Lair:2)
  3 yaks (Lair:5)
8 creatures vanquished.

Vanquished Creatures (others)
  A quokka (D:7)
  15 fungi
  31 plants
47 creatures vanquished.

Grand Total: 556 creatures vanquished

Notes
Turn   | Place    | Note
-------+----------+-------------------------------------------
     0 | D:1      | Kazon the Demonspawn Berserker began the quest for the Orb.
     0 | D:1      | Reached XP level 1. HP: 18/18 MP: 1/1
    34 | D:1      | Identified a scroll of acquirement
    34 | D:1      | Acquired the +0 pair of gloves of Erepn {Regen+ Dex+2
                  | Stlth+}
   377 | D:1      | Gained mutation: You are partially covered in sharp spines.
                  | [demonic ancestry]
   377 | D:1      | Reached XP level 2. HP: 16/24 MP: 2/2
   871 | D:2      | Gained mutation: You regenerate a little health from kills.
                  | [demonic ancestry]
   871 | D:2      | Reached XP level 3. HP: 29/29 MP: 3/3
   906 | D:2      | Reached ** piety under Trog
  1233 | D:2      | Reached XP level 4. HP: 19/35 MP: 4/4
  1285 | D:2      | Reached skill level 1 in Stealth
  1468 | D:3      | Found Umat's Antique Weapon Boutique.
  1497 | D:3      | Bought a crude falchion for 184 gold pieces
  1497 | D:3      | Identified the +3 falchion of Winter {venom, rCorr} (You
                  | bought it in a shop on level 3 of the Dungeon)
  1512 | D:3      | Reached skill level 1 in Throwing
  1724 | D:3      | Reached XP level 5. HP: 41/41 MP: 5/5
  1776 | D:3      | Noticed Robin
  1790 | D:3      | Killed Robin
  1851 | D:3      | Reached skill level 5 in Fighting
  1851 | D:3      | Reached skill level 5 in Long Blades
  1851 | D:3      | Reached XP level 6. HP: 52/52 MP: 6/6
  2305 | D:4      | Reached *** piety under Trog
  2518 | D:4      | Found a hazy altar of Hepliaklqana.
  2595 | D:4      | Gained mutation: You have sharp fingernails. [demonic
                  | ancestry]
  2595 | D:4      | Reached XP level 7. HP: 49/58 MP: 7/7
  2902 | D:5      | Entered Level 5 of the Dungeon
  2927 | D:5      | Reached skill level 5 in Stealth
  2954 | D:5      | Noticed Eustachio
  2963 | D:5      | Killed Eustachio
  2978 | D:5      | Reached skill level 5 in Dodging
  2978 | D:5      | Reached skill level 1 in Evocations
  3200 | D:5      | Noticed Menkaure
  3212 | D:5      | Gained mutation: You have very sharp fingernails. [demonic
                  | ancestry]
  3212 | D:5      | Reached XP level 8. HP: 37/64 MP: 8/8
  3213 | D:5      | Killed Menkaure
  3244 | D:5      | Reached skill level 5 in Short Blades
  3765 | D:6      | Reached **** piety under Trog
  4006 | D:6      | Gained mutation: You are mostly covered in sharp spines.
                  | [demonic ancestry]
  4006 | D:6      | Reached XP level 9. HP: 28/69 MP: 9/9
  4057 | D:6      | Reached skill level 1 in Shields
  4129 | D:6      | Noticed Edmund
  4181 | D:6      | Killed Edmund
  4423 | D:6      | Noticed Maggie
  4441 | D:6      | Killed Maggie
  4730 | D:7      | Reached ***** piety under Trog
  4733 | D:7      | Gained mutation: You are partially covered in yellow
                  | scales. (AC +2) [demonic ancestry]
  4733 | D:7      | Reached XP level 10. HP: 64/77 MP: 10/10
  4834 | D:7      | Found a hide-covered altar of Uskayaw.
  4903 | D:7      | Found a staircase to the Ecumenical Temple.
  5543 | D:8      | Found Heidghoki's Jewellery Shop.
  5604 | D:8      | Found Esumer's Weapon Shop.
  5697 | D:8      | Found Quzidd's Magic Scroll Emporium.
  5702 | D:8      | Bought a scroll of teleportation for 42 gold pieces
  5937 | D:8      | Found Zoxtaeshakh's Jewellery Boutique.
  6170 | D:9      | Reached skill level 5 in Evocations
  6403 | D:9      | Noticed Prince Ribbit
  6433 | D:9      | Noticed a two-headed ogre
  6441 | D:8      | Killed Prince Ribbit
  6692 | D:9      | Killed a two-headed ogre
  6962 | D:10     | Entered Level 10 of the Dungeon
  6989 | D:10     | Received a gift from Trog
  7177 | D:10     | Reached skill level 5 in Throwing
  7177 | D:10     | Gained mutation: You are mostly covered in yellow scales.
                  | (AC +3) [demonic ancestry]
  7177 | D:10     | Reached XP level 11. HP: 80/84 MP: 11/11
  7249 | D:10     | Found a staircase to the Lair.
  7293 | D:10     | Noticed Erolcha
  7314 | D:10     | Killed Erolcha
  7338 | D:10     | Identified the +5 long sword of the Land of Plenty {drain,
                  | Dex+3}
  7354 | D:10     | Found Juagoaq's Book Shoppe.
  8081 | D:11     | Noticed a green ugly thing
  8088 | D:11     | Killed a green ugly thing
  8462 | D:11     | Reached skill level 5 in Armour
  8900 | Lair:1   | Entered Level 1 of the Lair of Beasts
  8949 | Lair:1   | Found the +2 Maxwell's thermic engine {flame, freeze}
  8987 | Lair:1   | Received a gift from Trog
  9041 | Lair:1   | Reached XP level 12. HP: 90/94 MP: 12/12
  9631 | Lair:2   | Noticed a catoblepas
  9635 | Lair:2   | Noticed Fannar
  9952 | Lair:2   | Killed a catoblepas
  9957 | Lair:2   | Killed Fannar
 10170 | Lair:2   | Reached skill level 10 in Fighting
 10491 | Lair:3   | Noticed a death yak
 10491 | Lair:3   | Noticed a death yak
 10519 | Lair:3   | Noticed a death yak
 10520 | Lair:3   | Noticed a death yak
 10526 | Lair:2   | Killed a death yak
 10527 | Lair:2   | Reached skill level 10 in Long Blades
 10529 | Lair:2   | Killed a death yak
 10562 | Lair:2   | Killed a death yak
 10647 | D:8      | Bought the amulet "Odemouw" {Contam rPois rF+++ Regen+
                  | Stlth+} for 734 gold pieces
 10864 | Lair:3   | Reached XP level 13. HP: 104/104 MP: 13/13
 10900 | Lair:3   | Found a hole to the Spider Nest.
 11048 | Lair:3   | Found an ancient bone altar of Kikubaaqudgha.
 11180 | Lair:3   | Found a staircase to the Shoals.
 11375 | Lair:4   | Found a viscous altar of Jiyva.
 11376 | Lair:4   | Found a staircase to the Slime Pits.
 11692 | Lair:5   | Entered Level 5 of the Lair of Beasts
 12022 | Lair:5   | Received a gift from Trog
 12582 | Lair:4   | Identified the +3 battleaxe "Adididghufym" {antimagic, rF+
                  | Will+}
 13381 | Lair:5   | Gained mutation: You regenerate health from kills. [demonic
                  | ancestry]
 13381 | Lair:5   | Reached XP level 14. HP: 113/113 MP: 14/14
 14019 | D:12     | Found a staircase to the Orcish Mines.
 14221 | D:12     | Noticed Nessos
 14224 | D:12     | Killed Nessos
 14282 | D:12     | Noticed Lodul
 14287 | D:12     | Received a gift from Trog
 14293 | D:12     | Killed Lodul
 14368 | D:12     | Noticed Rupert
 14377 | D:12     | Killed Rupert
 14567 | D:13     | Noticed Azrael
 14597 | D:13     | Killed Azrael
 15084 | D:13     | Reached skill level 10 in Evocations
 15271 | D:13     | Found a gate to the Vaults.
 15339 | D:13     | Found Ituota Roil's Distillery.
 15423 | D:14     | Found a frozen archway.
 15526 | IceCv    | Entered an ice cave
 15543 | IceCv    | HP: 7/172 [golden dragon simulacrum (12)]
 15544 | IceCv    | HP: 2/172 [golden dragon simulacrum (4)]
 15545 | IceCv    | Demolished by a caustic shrike simulacrum

Illustrated notes

Levels and vault maps discovered:
D:1:      dpeg_arrival_three_smaller_balls, layout_basic
D:2:      layout_loops_ring
D:3:      layout_basic, serial_shops, nicolae_shop_stone, st_stairs_9,
          minmay_misc_feat_doors, eino_curves_03, uniq_robin
D:4:      minmay_wonky_spiral, layout_basic,
          mainiacjoe_overflow_surrounded_room, minivault_5
D:5:      layout_cave_pods, uniq_menkaure, uniq_eustachio
D:6:      cheibrodos_barr_body, layout_basic, minmay_crystal_room,
          minmay_pentangle, uniq_maggie, uniq_edmund
D:7:      layout_cave_pools, nicolae_uskayaw_murder_on_the_dancefloor,
          elyvilon_altar_4, minmay_temple_entry_purple_smoke
D:8:      layout_basic, serial_shops, shop_statue, kennysheep_little_box, shop,
          nicolae_shop_window_shopping
D:9:      layout_cave_pools, uniq_prince_ribbit1
D:10:     layout_stronghold, erik_lair_island, serial_shops,
          nicolae_shop_statue_plus, uniq_erolcha
D:11:     layout_roguey
D:12:     layout_loops_ring, orc_0_dummy, chequers_serial_rivers_marsh,
          uniq_lodul, uniq_nessos, uniq_rupert
D:13:     layout_gridville, david_vaults_5, serial_shops,
          nicolae_shop_behind_doors, minmay_fractal_squares_gapless_5,
          uniq_azrael
D:14:     layout_roguey, minmay_misc_feat_secret_circle, gammafunk_ghost_split,
          portal_ice_cave_entry_ice_simulacra, uniq_snorg
Lair:1:   layout_long_grid, fungi_pond_lemuel, cheibrodos_lair_reptile_den
Lair:2:   layout_gridlike, uniq_fannar
Lair:3:   layout_roguey, minmay_shoals_entry_hut,
          nicolae_spider_entry_non_spiders, basic_altar, serial_bayou_crossing
Lair:4:   layout_gridlike, slime_entry_1, serial_rivers,
          chequers_serial_rivers_room_a, chequers_serial_rivers_micro_c,
          chequers_serial_rivers_room_a, chequers_serial_rivers_micro_e,
          minivault_27, grunt_megastairs_3, infiniplex_staircase_pool_2
Lair:5:   evilmike_catoblepas_cave, layout_long_grid
IceCv:    ice_cave_statue_garden_chambered

Skill      XL: |  1  2  3  4  5  6  7  8  9 10 11 12 13 14 |
---------------+-------------------------------------------+-----
Long Blades    | 3 5 6 7 8 10 11 12 | 12.4
Armour         | 2 4 5 |  5.4
Dodging        | 2 4 5 6 7 8 |  8.4
Stealth        | 1 4 5 6 7 8 9 |  9.3
Throwing       | 1 4 5 6 |  6.7
Fighting       | 5 6 7 8 10 11 12 | 12.0
Short Blades   | 3 4 5 |  5.7
Evocations     | 1 3 4 5 6 7 9 10 | 10.4
Shields        | 1 2 3 4 |  4.6

Action                   |  1- 3 |  4- 6 |  7- 9 | 10-12 | 13-15 || total
-------------------------+-------+-------+-------+-------+-------++-------
Melee: Falchion          |    73 |    16 |   178 |   357 |    35 ||   659
       Dagger            |    16 |    93 |    59 |    41 |    28 ||   237
       Punch             |       |     1 |       |       |       ||     1
       Long sword        |       |       |       |    46 |       ||    46
       Double sword      |       |       |       |   165 |   321 ||   486
Throw: Stone             |     4 |     5 |    13 |   115 |    37 ||   174
       Boomerang         |       |       |       |     4 |    14 ||    18
       Dart              |       |       |       |     3 |    27 ||    30
Invok: Berserk           |       |       |       |     5 |     3 ||     8
       Brothers in Arms  |       |       |       |     1 |     1 ||     2
Evoke: Wand              |       |       |     2 |       |    29 ||    31
       Condenser vane    |       |       |       |       |     1 ||     1
       Lightning rod     |       |       |       |       |     2 ||     2
       Phantom mirror    |       |       |       |       |     1 ||     1
  Use: Scroll            |     1 |     2 |     3 |    10 |     4 ||    20
       Potion            |       |     1 |       |       |       ||     1
 Stab: Sleeping          |     6 |     5 |    16 |    15 |    21 ||    63
       Distracted        |       |       |       |     1 |       ||     1
       Petrified         |       |       |       |     2 |       ||     2
       Paralysed         |       |       |       |       |     2 ||     2
Armor: Animal skin       |    18 |    18 |     8 |       |       ||    44
       Leather armour    |       |       |    56 |    49 |       ||   105
       Troll leather arm |       |       |       |    67 |    97 ||   164
Dodge: Dodged            |    61 |    49 |   117 |   271 |   218 ||   716
Block: Buckler           |       |       |    19 |    96 |   103 ||   218
